 Dungeon Crawl Stone Soup version 0.25.1-2-g60ff931df9 (webtiles) character file.

Game seed: 4853514525445888721

15 DogServant the Ruffian (level 2, 0/22 HPs)
             Began as a Formicid Transmuter on Oct 17, 2020.
             Hit by a stone thrown by a kobold (3 damage)
             ... on level 1 of the Dungeon.
             The game lasted 00:01:28 (411 turns).

DogServant the Ruffian (Formicid Transmuter)         Turns: 411, Time: 00:01:29

Health: 0/22       AC:  2    Str: 14    XL:     2   Next: 65%
Magic:  4/5        EV: 12    Int: 12    God:
Gold:   23         SH:  0    Dex: 17    Spells: 4/5 levels left

rFire    . . .     SeeInvis +     - Unarmed
rCold    + . .     Gourm    .   (no shield)
rNeg     . . .     Faith    .   b - +0 robe
rPois    .         Spirit   .   (helmet unavailable)
rElec    .         Reflect  .   (no cloak)
rCorr    .         Harm     .   (no gloves)
MR       .....                  (boots currently unavailable)
Stlth    ++........             (no amulet)
HPRegen  0.07/turn              e - +6 ring of dexterity
MPRegen  0.09/turn              g - ring of protection from cold

@: appendage (expiring)
A: permanent stasis, dig shafts and tunnels, four strong arms, antennae 3,
talons 3
a: Dig, Shaft Self, End Transformation


You were on level 1 of the Dungeon.
You were not hungry.
You had grown temporary talons.
You visited 1 branch of the dungeon, and saw 1 of its levels.

You collected 23 gold pieces.

Inventory:

Missiles
 a - 12 arrows
Armour
 b - a +0 robe (worn)
Jewellery
 e - a +6 ring of dexterity (left hand)
 g - a ring of protection from cold (right hand)
Comestibles
 d - a ration


   Skills:
 + Level 1.7 Fighting
 - Level 1.7 Dodging
 + Level 3.2 Unarmed Combat
 - Level 2.1 Spellcasting
 + Level 2.6 Transmutations


You had 4 spell levels left.
You knew the following spells:

 Your Spells              Type           Power        Failure   Level  Hunger
a - Beastly Appendage     Tmut           #.....       9%          1    ##.....

Your spell library contained the following spells:

 Spells                   Type           Power        Failure   Level  Hunger
 Sticks to Snakes         Tmut           #.......     14%         2    ###....
 Spider Form              Tmut/Pois      #.........   43%         3    ####...
 Ice Form                 Ice/Tmut       #.......     83%         4    #####..
 Blade Hands              Tmut           #.........   94%         5    ######.


Dungeon Overview and Level Annotations

Branches:
Dungeon (1/15)

Altars:


Innate Abilities, Weirdness & Mutations

You cannot be hasted, slowed, berserked, paralysed or teleported.
You can dig through walls and to a lower floor.
Your four strong arms can wield two-handed weapons with a shield.
You have a pair of large antennae on your head. (SInv)
You have claws for feet.


Message History

Casting: Beastly Appendage (safe; 10% risk of failure)
Confirm with . or Enter, or press ? or * to list all spells.
Your feet morph into talons.
The rat barely misses you.
You hit the rat.
You kill the rat!
Your transformation is almost over.
The bat barely misses you. The bat closely misses you.
You see here a rat corpse.
You hit the bat.
You kill the bat!
The kobold throws a stone.
The stone hits you but does no damage.
You completely miss the hobgoblin. Your kick misses the hobgoblin.
The kobold throws a stone.
The stone hits you.
* * * LOW HITPOINT WARNING * * *
The hobgoblin closely misses you.
You hit the hobgoblin but do no damage. You claw the hobgoblin.
You kill the hobgoblin!
The kobold throws a stone.
The stone hits you.
You die...

.......b###...**#.,*
.........{..,,,,.,**
...,#...#.####*.#**
....#...g....##.###
....#.#.####......#
........# #..#.#K#
........# #....#.#
##......# #.####.#
##......# #..K.@.#
........# ########
........# ........#
....###.##
.........#
....###### #######
....# #.....# ....#
#.###.#


You could see 2 kobolds.

Vanquished Creatures
  A dart slug (D:1)
  2 bats (D:1)
  2 giant cockroaches (D:1)
  A goblin (D:1)
  2 hobgoblins (D:1)
  A frilled lizard (D:1)
  3 kobolds (D:1)
  A rat (D:1)
13 creatures vanquished.

Notes
Turn   | Place    | Note
-------+----------+-------------------------------------------
     0 | D:1      | DogServant the Formicid Transmuter began the quest for the
                  | Orb.
     0 | D:1      | Reached XP level 1. HP: 15/15 MP: 3/3
   137 | D:1      | Reached XP level 2. HP: 21/21 MP: 3/5
   411 | D:1      | Hit by a stone thrown by a kobold

Illustrated notes

Levels and vault maps discovered:
D:1:      dpeg_arrival_central, layout_basic, minmay_three_crescents

Action                   || total
-------------------------++-------
Melee: Unarmed           ||    45
       Kick              ||     4
 Cast: Beastly Appendage ||     8
  Use: Scroll            ||     3
Armor: Robe              ||     9
Dodge: Dodged            ||    35
